 Dungeon Crawl Stone Soup version 0.30.1-11-g7821555f0a (webtiles) character file.

Game seed: 484653204665874553

1145 SacredBeard the Grave Robber (level 8, -4/58 HPs)
             Began as a Demonspawn Necromancer on Nov 3, 2023.
             Killed from afar by an orc wizard (7 damage)
             ... with a puff of flame
             ... on level 6 of the Dungeon.
             The game lasted 00:20:31 (5106 turns).

SacredBeard the Grave Robber (DsNe)                 Turns: 5106, Time: 00:20:38

Health: -4/58      AC:  9    Str:  9    XL:     8   Next: 15%
Magic:  12/13      EV: 18    Int: 17    God:
Gold:   248        SH:  0    Dex: 12    Spells: 13/14 levels left

rFire   . . .        v - +2 dagger (pain)
rCold   . . .        (no shield)
rNeg    + . .        q - +1 robe of Noon {Dex-3 Slay+5}
rPois   .            (no helmet)
rElec   .            (no cloak)
rCorr   .            (no gloves)
SInv    .            (no boots)
Will    .....        (no amulet)
Stlth   +            u - ring of positive energy
HPRegen 0.29/turn    y - +5 ring of evasion
MPRegen 0.13/turn

%: no passive effects
@: confused, mighty, sanguine armoured
A: claws 2, powered by pain 1, sanguine armour 1
a: no special abilities


You were on level 6 of the Dungeon.
You visited 1 branch of the dungeon, and saw 6 of its levels.
You also visited: Ossuary.

You collected 248 gold pieces.

Inventory:

Hand Weapons
 v - a +2 dagger of pain (weapon)
Missiles
 m - 6 silver boomerangs
 t - 7 boomerangs
Armour
 f - a +2 leather armour of cold resistance
 q - the +1 robe of Noon (worn) {Dex-3 Slay+5}
   (You found it on level 2 of the Dungeon)

   Dex:       It affects your dexterity (-3).
   Slay:      It affects your accuracy & damage with ranged weapons and melee
   (+5).
 C - the +3 leather armour "Gagriadgh" {rElec rF- rC+}
   (You found it on level 4 of the Dungeon)

   rF:        It makes you vulnerable to fire.
   rC:        It protects you from cold.
   rElec:     It insulates you from electricity.
Jewellery
 u - a ring of positive energy (left claw)
 w - a ring of protection from fire
 y - a +5 ring of evasion (right claw)
Wands
 p - a wand of roots (15)
Scrolls
 a - a scroll of teleportation {unknown}
 d - 2 scrolls of poison {unknown}
 e - 3 scrolls of magic mapping {unknown}
 h - 5 scrolls of vulnerability {unknown}
 i - 5 scrolls of identify {unknown}
 k - 2 scrolls of enchant weapon {unknown}
 n - a scroll of blinking {unknown}
 r - a scroll of silence {unknown}
 s - 3 scrolls of amnesia {unknown}
 A - 4 scrolls of fear {unknown}
 D - a scroll of torment {unknown}
Potions
 b - 5 potions of magic
 c - 2 potions of haste {unknown}
 g - 10 potions of curing {unknown}
 j - 6 potions of flight {unknown}
 l - a potion of brilliance {unknown}
 o - a potion of invisibility {unknown}
 x - 2 potions of heal wounds {unknown}
 z - 2 potions of mutation {unknown}
 B - a potion of degeneration {unknown}


   Skills:
 + Level 3.1 Fighting
 + Level 2.7 Throwing
 + Level 2.7 Armour
 + Level 3.5 Dodging
 + Level 3.9 Stealth
 + Level 3.5 Spellcasting
 - Level 6.0 Necromancy
 + Level 2.9 Evocations


You had 13 spell levels left.
You knew the following spells:

 Your Spells              Type           Power      Damage    Failure   Level
a - Necrotise             Necr           92%        1d8       1%          1

Your spell library contained the following spells:

 Spells                   Type           Power      Damage    Failure   Level
 Vampiric Draining        Necr           23%        2d7       4%          3
 Animate Dead             Necr           23%        N/A       14%         4
 Summon Small Mammal      Summ           12%        N/A       17%         1
 Agony                    Necr           23%        N/A       36%         5
 Call Canine Familiar     Summ           3%         N/A       45%         3
 Summon Guardian Golem    Hex/Summ       3%         N/A       45%         3
 Simulacrum               Ice/Necr       6%         N/A       100%        6
 Ozocubu's Refrigeration  Ice            1%         4d7       100%        7
 Polar Vortex             Ice            1%         N/A       100%        9


Dungeon Overview and Level Annotations

Branches:
Dungeon (6/15) Zot: 26983 Ossuary (visited)
 Temple: D:4-7

Altars:
Makhleb
Nemelex Xobeh
Sif Muna
Vehumet

Shops:
D:4 (


Innate Abilities, Weirdness & Mutations

You have very sharp fingernails.
You sometimes gain a little power by taking damage.
When seriously injured, your blood forms armour. (AC +6)


Message History

You puncture the orc priest!
The orc priest is severely wounded.
Your orc skeleton hits the orc warrior but does no damage.
The orc warrior hits your orc skeleton with a +0 glaive!
Your orc skeleton is destroyed!
The orc priest barely misses you.
You puncture the orc priest!
You kill the orc priest!
You are confused.
An orc warrior is nearby!
You're too confused to move!
The orc warrior misses you.
The orc warrior hits you with a +0 glaive!
The orc warrior completely misses you.
Okay, then.
You puncture the orc warrior!
The orc warrior writhes in agony.
The orc warrior is moderately wounded.
The orc warrior completely misses you.
You miss the orc warrior.
The orc warrior is moderately wounded.
Something hits you but does no damage. The orc warrior completely misses you.
You puncture the orc warrior!
The orc warrior writhes in agony.
The orc warrior is severely wounded.
You feel less confused. The orc warrior completely misses you.
You hear some strange, mumbled words.
You are confused.
The orc warrior closely misses you.
You puncture something!
The orc warrior hits you with a +0 glaive!
* * * LOW HITPOINT WARNING * * *
Something hits you but does no damage.
You bump into the rock wall.
Something barely misses you. The orc warrior barely misses you.
You bump into the rock wall.
The orc warrior hits you with a +0 glaive!
* * * LOW HITPOINT WARNING * * *
You hear some strange, mumbled words.
A puff of flame appears from out of thin air!
The puff of flame hits you!
You die...

#.# #.. #... #
..### #.#
####.... ....
##.....# .....
#....#
......#@.<.#
#.o{..##
.......)).......
###.....########
###..## ....
####. .. #.


You could see an orc warrior.

Vanquished Creatures
  An ice beast (D:4)
  7 scorpions
  A crimson imp (D:4)
  3 centaur zombies (Ossuary)
  2 human zombies (Ossuary)
  2 orc priests
  3 iguanas
  2 orc wizards
  3 scorpion zombies (Ossuary)
  3 mummies (Ossuary)
  3 adders
  2 worms
  5 dart slugs
  15 orcs
  8 bats
  7 endoplasms
  3 giant cockroaches
  2 gnoll zombies (Ossuary)
  9 goblins
  8 hobgoblins
  13 ball pythons
  3 frilled lizards
  3 goblin zombies (Ossuary)
  A hobgoblin zombie (Ossuary)
  A kobold (D:2)
  A kobold zombie (Ossuary)
  3 orc zombies (Ossuary)
  8 rats
122 creatures vanquished.

Vanquished Creatures (collateral kills)
  A white imp (D:5)
  A kobold (D:1)
  A rat (D:2)
3 creatures vanquished.

Grand Total: 125 creatures vanquished

Notes
Turn   | Place    | Note
-------+----------+-------------------------------------------
     0 | D:1      | SacredBeard the Demonspawn Necromancer began the quest for
                  | the Orb.
     0 | D:1      | Reached XP level 1. HP: 13/13 MP: 3/3
   381 | D:1      | Gained mutation: When seriously injured, your blood forms
                  | armour. (AC +6) [demonic ancestry]
   381 | D:1      | Reached XP level 2. HP: 19/19 MP: 3/5
   675 | D:1      | Found a faded altar of an unknown god.
   977 | D:2      | Gained mutation: You have sharp fingernails. [demonic
                  | ancestry]
   977 | D:2      | Reached XP level 3. HP: 25/25 MP: 1/6
  1252 | D:2      | Reached skill level 5 in Necromancy
  1569 | D:2      | Identified the +1 robe of Noon {Dex-3 Slay+5}
  1673 | D:2      | Found a shimmering blue altar of Sif Muna.
  1683 | D:2      | Reached skill level 1 in Fighting
  1961 | D:3      | Gained mutation: You have very sharp fingernails. [demonic
                  | ancestry]
  1961 | D:3      | Reached XP level 4. HP: 32/32 MP: 7/7
  2164 | D:2      | Reached skill level 1 in Armour
  2245 | D:3      | Noticed a scorpion
  2254 | D:3      | Killed a scorpion
  2255 | D:3      | Reached XP level 5. HP: 37/37 MP: 4/8
  2465 | D:3      | Reached skill level 1 in Throwing
  2615 | D:3      | Identified the +3 long sword "Bosmoc Qush" {heavy, rF+
                  | Str+4}
  2624 | D:3      | Reached skill level 1 in Evocations
  3058 | D:4      | Found a sand-covered staircase.
  3090 | Ossuary  | Entered an ossuary
  3112 | Ossuary  | Reached XP level 6. HP: 43/44 MP: 9/9
  3283 | Ossuary  | Reached skill level 6 in Necromancy
  3283 | Ossuary  | Gained mutation: You sometimes gain a little power by
                  | taking damage. [demonic ancestry]
  3283 | Ossuary  | Reached XP level 7. HP: 39/50 MP: 11/11
  4061 | D:4      | Identified the +3 leather armour "Gagriadgh" {rElec rF-
                  | rC+}
  4066 | D:4      | Found Raruorot's Weapon Boutique.
  4164 | D:4      | Found a burning altar of Makhleb.
  4164 | D:4      | Found a radiant altar of Vehumet.
  4230 | D:4      | Found a sparkling altar of Nemelex Xobeh.
  4436 | D:5      | Entered Level 5 of the Dungeon
  4524 | D:5      | Reached XP level 8. HP: 57/57 MP: 9/13
  5106 | D:6      | Killed from afar by an orc wizard

Illustrated notes

Levels and vault maps discovered:
D:1:      tarquinn_simple_flora_water_c, layout_basic, basic_ecumenical_altar
D:2:      layout_basic, basic_altar, minmay_tall_x
D:3:      layout_basic, serial_rivers, chequers_serial_rivers_small_3,
          chequers_serial_rivers_micro_d, chequers_serial_rivers_micro_b,
          chequers_serial_rivers_micro_d, chequers_serial_rivers_micro_a
D:4:      layout_rooms, grunt_temple_overflow_lords_of_destruction,
          zin_treasury, nemelex_diamond_rough_becter, serial_shops, shop,
          nicolae_ossuary_entry_false_entrances
D:5:      layout_basic
D:6:      layout_rooms

Skill      XL: |  1  2  3  4  5  6  7  8 |
---------------+-------------------------+-----
Dodging        | 2 3 |  3.5
Stealth        | 2 3 |  3.9
Necromancy     | 5 6 |  6.0
Fighting       | 1 2 3 |  3.1
Armour         | 1 2 |  2.7
Throwing       | 1 2 |  2.7
Evocations     | 1 2 |  2.9
Spellcasting   | 3 |  3.5

Action                     |  1- 3 |  4- 6 |  7- 9 || total
---------------------------+-------+-------+-------++-------
  Melee: Short sword       |    44 |    27 |       ||    71
         Dagger            |       |    81 |    86 ||   167
         Punch             |       |     1 |     1 ||     2
  Throw: Boomerang         |       |    25 |    25 ||    50
   Cast: Necrotise         |    42 |    18 |    32 ||    92
   Stab: Sleeping          |     5 |     2 |     1 ||     8
 Armour: Leather armour    |    12 |       |       ||    12
         Robe              |       |    29 |    15 ||    44
  Dodge: Dodged            |    18 |    67 |    54 ||   139
